Map: Ulrena

Players

Promêtheus

  • Race: Protoss Protoss
  • League: Gold

capac - Winner!

  • Race: Terran Terran
  • League: Gold

VOD

Have the link to the VOD?

Description

Time

  • Played on: April 10, 2016, 12:06 p.m.
  • Length: 10:47
Show
View Real Time Build Order
Export as new Build Order

Promêtheus Protoss 

Build Orders: Zealot Archon, Dark Templar Rush 

Get SALT Encoding   

  12  0:01  Probe (Chrono Boost)  
  13  0:12  Probe (Chrono Boost)  
  14  0:21  Pylon  
  14  0:22  Probe (Chrono Boost)  
  15  0:39  Probe (Chrono Boost)  
  16  0:44  Gateway  
  17  0:50  Probe (Chrono Boost)  
  17  0:56  Assimilator  
  17  1:00  Probe (Chrono Boost)  
  18  1:11  Probe (Chrono Boost)  
  19  1:13  Assimilator  
  19  1:18  Pylon  
  19  1:21  Probe (Chrono Boost)  
  20  1:32  Probe (Chrono Boost)  
  21  1:38  Cybernetics Core  
  21  1:42  Probe (Chrono Boost)  
  22  1:53  Probe (Chrono Boost)  
  23  2:04  Probe (Chrono Boost)  
  23  2:14  Probe (Chrono Boost)  
  23  2:15  Stalker (Chrono Boost), Warp Gate (Chrono Boost)  
  26  2:30  Pylon  
  26  2:33  Mothership Core (Chrono Boost)  
  27  2:56  Pylon  
  27  2:59  Probe (Chrono Boost)  
  27  3:03  Twilight Council  
  28  3:07  Pylon  
  28  3:09  Probe (Chrono Boost)  
  29  3:21  Probe  
  29  3:25  Gateway  
  30  3:27  Gateway  
  30  3:30  Pylon  
  30  3:33  Probe  
  31  3:41  Dark Shrine  
  31  3:45  Probe  
  32  3:57  Probe  
  32  3:59  Pylon  
  34  4:10  Probe  
  34  4:12  Pylon  
  34  4:15  Pylon  
  34  4:23  Probe  
  35  4:35  Probe  
  36  4:54  Dark Templar x3  
  36  4:58  Probe  
  43  5:10  Probe  
  43  5:12  Nexus  
  40  5:30  Probe  
  40  5:32  Dark Templar x3  
  45  5:46  Probe  
  45  5:49  Stargate  
  46  5:57  Assimilator  
  46  5:58  Probe  
  45  6:08  Archon  
  45  6:10  Probe  
  42  6:23  Probe, Robotics Facility  
  42  6:24  Assimilator  
  43  6:26  Pylon  
  43  6:27  Probe  
  43  6:32  Pylon  
  44  6:34  Pylon  
  44  6:35  Probe, Pylon  
  44  6:38  Probe  
  46  6:47  Phoenix (Chrono Boost), Probe  
  48  6:48  Probe  
  48  6:50  Pylon  
  50  6:59  Probe x2  
  52  7:10  Probe  
  52  7:11  Phoenix (Chrono Boost), Probe  
  52  7:13  Observer, Gateway  
  57  7:20  Probe  
  57  7:21  Gateway  
  58  7:24  Probe  
  59  7:32  Phoenix (Chrono Boost)  
  59  7:34  Immortal  
  65  7:39  Mothership Core  
  65  7:42  Probe  
  64  7:53  Probe  
  64  7:54  Phoenix (Chrono Boost)  
  67  8:01  Probe  
  67  8:04  Probe, Gateway  
  69  8:08  Gateway  
  69  8:12  Pylon  
  69  8:13  Phoenix (Chrono Boost), Probe, Warp Prism (Chrono Boost)  
  74  8:24  Probe  
  75  8:35  Gateway  
  75  8:44  Phoenix  
  77  8:48  Pylon  
  77  8:51  Pylon  
  81  8:56  Immortal (Chrono Boost)  
  81  9:01  Stalker x4  
  81  9:02  Stalker  
  91  9:06  Phoenix  
  91  9:08  Probe x2  
  95  9:14  Stalker x2  
  99  9:40  Immortal (Chrono Boost)  
  99  9:43  Nexus  
  103  9:56  Probe  
  103  9:58  Stalker x4  
  108  10:16  Dark Templar  
  108  10:17  Dark Templar  
  108  10:21  Archon  
Show
View Real Time Build Order
Export as new Build Order

capac Terran - Winner!

Build Orders: Reaper Expand, MMM Bio 

Get SALT Encoding   

  12  0:00  SCV  
  13  0:13  SCV  
  14  0:18  Supply Depot  
  14  0:25  SCV  
  15  0:39  SCV  
  15  0:41  Barracks  
  16  0:48  Refinery  
  16  0:55  SCV  
  17  1:14  SCV  
  18  1:31  Reaper  
  20  1:34  Orbital Command  
  19  1:44  Command Center  
  19  1:55  Supply Depot  
  19  2:01  SCV  
  20  2:04  Marine  
  21  2:12  Factory  
  22  2:15  SCV  
  22  2:27  Refinery, SCV  
  23  2:34  Barracks Reactor  
  23  2:39  SCV  
  24  2:52  SCV  
  24  2:57  Orbital Command  
  25  3:02  Bunker  
  25  3:05  Factory Tech Lab  
  25  3:11  Barracks  
  25  3:12  Marine  
  25  3:13  Starport  
  25  3:18  Marine  
  27  3:31  Engineering Bay  
  27  3:38  Marine x2  
  29  3:42  Siege Tank  
  29  3:45  SCV  
  33  3:53  Medivac  
  33  3:54  SCV  
  36  4:00  Barracks Tech Lab  
  36  4:04  Missile Turret  
  36  4:08  SCV x2  
  38  4:13  Marine x2  
  40  4:22  SCV x2  
  42  4:30  Supply Depot  
  42  4:32  Marine  
  42  4:33  Marine x2  
  42  4:34  SCV  
  46  4:42  Supply Depot  
  46  4:52  SCV x2  
  48  4:57  Missile Turret  
  48  4:59  Marine x3  
  51  5:01  Siege Tank  
  51  5:03  Medivac  
  51  5:04  SCV x2  
  58  5:08  Stimpack  
  58  5:14  Refinery  
  58  5:16  SCV x2  
  58  5:20  Supply Depot  
  59  5:28  SCV x2  
  59  5:36  Missile Turret  
  59  5:40  SCV x2  
  61  5:44  Marine x3  
  64  5:52  SCV x2  
  64  5:55  Refinery  
  60  6:19  Supply Depot  
  60  6:20  SCV x2  
  60  6:21  Marine x3  
  65  6:26  Starport Reactor  
  65  6:33  SCV  
  65  6:34  SCV  
  67  6:40  Marine x2  
  67  6:41  Marine  
  67  6:44  Liberator  
  67  6:45  Terran Infantry Weapons Level 1  
  70  6:52  Barracks  
  70  6:54  Barracks, Siege Tank  
  70  6:58  Barracks  
  76  7:11  Combat Shields  
  76  7:14  Marine  
  76  7:15  Marine  
  78  7:21  Liberator  
  78  7:24  Supply Depot  
  78  7:25  Supply Depot  
  78  7:36  Marine  
  73  7:51  Barracks Reactor  
  73  7:52  Barracks Tech Lab, Barracks Reactor  
  73  7:57  SCV x2  
  73  7:58  Marine x3  
  76  8:09  SCV  
  77  8:14  Supply Depot x2  
  77  8:16  Marauder  
  81  8:22  Medivac x2  
  81  8:24  Concussive Shells  
  81  8:25  Marauder, Marine x2  
  87  8:31  Marine x4  
  91  8:38  Supply Depot  
  91  8:39  Starport  
  91  8:40  Supply Depot  
  91  8:49  Marauder x2, Marine x4  
  91  8:50  Marine x2  
  101  8:59  Medivac x2  
  105  9:03  SCV x2  
  107  9:12  Marauder  
  107  9:14  Missile Turret  
  107  9:15  Marauder  
  111  9:26  Starport Tech Lab  
  111  9:27  Supply Depot x2  
  111  9:32  Armory  
  111  9:47  Raven  
  113  9:54  Supply Depot, Marine x3  
  113  9:55  Marine x3  
  113  9:57  Supply Depot  
Tags
 
Add a new tag
Caveats
  • Supply blocks, unpowered buildings, or Contaminate may cause inaccurate times.
  • Supply counts are checked every 10 seconds.